 Dungeon Crawl Stone Soup version 0.30.1-11-g7821555f0a (webtiles) character file.

Game seed: 13716359495988653379

270827 lexdn the Executioner (level 19, 0/182 HPs)
             Began as a Minotaur Fighter on Nov 18, 2023.
             Was an Elder of Okawaru.
             Slain by an ironbound frostheart (52 damage)
             ... on level 2 of the Vaults on Nov 19, 2023.
             The game lasted 04:59:08 (39162 turns).

lexdn the Executioner (Minotaur Fighter)           Turns: 39162, Time: 04:59:16

Health: 0/182      AC: 37    Str: 28    XL:     19   Next: 44%
Magic:  25/27      EV: 10    Int:  5    God:    Okawaru [****..]
Gold:   908        SH: 21    Dex: 11    Spells: 18/18 levels left

rFire   + . .        Y - +10 war axe of Ujey {flame, Will+}
rCold   x . .        y - +0 kite shield
rNeg    . . .        B - +7 plate armour
rPois   .            O - +0 hat {Will+}
rElec   .            q - +0 cloak
rCorr   +            A - +1 pair of gloves {hurl}
SInv    .            I - +2 pair of boots {rampage}
Will    +++..        D - amulet of reflection Stlth
                     c - ring of resist corrosion
HPRegen 0.50/turn    Q - ring of fire
MPRegen 0.20/turn

%: reflection, rampage
@: heroic, frozen, very slow
A: horns 2, retaliatory headbutt
}: 2/15 runes: decaying, gossamer
a: Renounce Religion, Heroism, Finesse


You were on level 2 of the Vaults.
You worshipped Okawaru.
Okawaru was greatly pleased with you.
You visited 7 branches of the dungeon, and saw 34 of its levels.
You also visited: Ossuary and Volcano.

You collected 3599 gold pieces.
You spent 2691 gold pieces at shops.

Inventory:

Hand Weapons
 w - a +1 broad axe of freezing
 Y - the +10 war axe of Ujey (weapon) {flame, Will+}
   (You bought it in a shop on level 7 of the Dungeon)

   Will:      It increases your willpower.
Missiles
 h - 29 boomerangs (quivered)
 k - 46 poisoned darts
 m - 2 silver boomerangs
Armour
 q - a +0 cloak (worn)
 y - a +0 kite shield (worn)
 A - a +1 pair of gloves of hurling (worn)
 B - a +7 plate armour (worn)
 I - a +2 pair of boots of rampaging (worn)
 O - a +0 hat of willpower (worn)
Jewellery
 c - a ring of resist corrosion (left hand)
 d - a ring of protection from cold
 D - an amulet of reflection (around neck)
 Q - a ring of fire (right hand)
 R - the ring of the Jester {rN+ Will- Str+2 Int+6 Slay+3}
   (You found it on level 5 of the Lair of Beasts)

   [ring of intelligence]

   Str:       It affects your strength (+2).
   Int:       It affects your intelligence (+6).
   Slay:      It affects your accuracy & damage with ranged weapons and melee
   (+3).
   rN:        It protects you from negative energy.
   Will:      It decreases your willpower.
 V - the ring "Rotuostro" {Wiz Will+ Int+3 Dex-4 Stlth+}
   (You bought it in a shop on level 8 of the Dungeon)

   [ring of wizardry]

   It improves your spell success rate.
   Int:       It affects your intelligence (+3).
   Dex:       It affects your dexterity (-4).
   Will:      It increases your willpower.
   Stlth:     It makes you more stealthy.
 W - the ring "Reger" {rPois Will+ MP+9 Int-3}
   (You bought it in a shop on level 8 of the Dungeon)

   [ring of willpower]

   Int:       It affects your intelligence (-3).
   rPois:     It protects you from poison.
   MP:        It affects your magic capacity (+9).
   Will:      It increases your willpower.
Wands
 b - a wand of digging (15)
 i - a wand of flame (47)
 C - a wand of polymorph (13)
 K - a wand of quicksilver (12)
 S - a wand of iceblast (43)
 T - a wand of mindburst (17)
Scrolls
 g - 14 scrolls of teleportation
 l - 4 scrolls of immolation
 n - 2 scrolls of torment
 p - 3 scrolls of fear
 H - 14 scrolls of identify
 J - 10 scrolls of blinking
 M - 3 scrolls of poison
 N - 2 scrolls of fog
 P - 4 scrolls of magic mapping
Potions
 a - 9 potions of might
 e - 7 potions of cancellation
 f - 2 potions of berserk rage
 j - 4 potions of mutation
 o - 4 potions of invisibility
 s - 16 potions of curing
 t - 2 potions of lignification
 u - a potion of heal wounds
 v - 5 potions of haste
 z - 20 potions of ambrosia
 E - 2 potions of magic
 F - 7 potions of flight
 L - 2 potions of attraction


   Skills:
 + Level 19.1(24.1) Fighting
 + Level 21.3(26.3) Axes
 - Level 10.0(15.0) Throwing
 + Level 19.1(24.1) Armour
 + Level 19.1(24.1) Shields
 - Level 12.0 Invocations
 * Level 4.1 Evocations


You had 18 spell levels left.
You didn't know any spells.
Your spell library contained the following spells:

 Spells                   Type           Power      Damage    Failure   Level
 Magic Dart               Conj           0%         1d3       90%         1
 Sandblast                Erth           0%         2d4       90%         1
 Sting                    Tmut/Pois      0%         1d3       90%         1
 Blink                    Tloc           0%         N/A       97%         2
 Passwall                 Tmut/Erth      0%         N/A       97%         2
 Poisonous Vapours        Pois/Air       0%         N/A       97%         2
 Searing Ray              Conj           0%         2d4       97%         2
 Dazzling Flash           Conj/Hex       0%         N/A       99%         3
 Gell's Gravitas          Tloc           0%         N/A       99%         3
 Hailstorm                Conj/Ice       0%         3d3       99%         3
 Inner Flame              Hex/Fire       0%         N/A       99%         3
 Stone Arrow              Conj/Erth      0%         3d7       99%         3
 Teleport Other           Tloc           0%         N/A       99%         3
 Volatile Blastmotes      Fire/Tloc      0%         2d10      99%         3
 Fulminant Prism          Conj/Hex       0%         3d5       100%        4
 Ice Form                 Ice/Tmut       0%         N/A       100%        4
 Iskenderun's Mystic Bla  Conj/Tloc      0%         2d3       100%        4
 Leda's Liquefaction      Hex/Erth       0%         N/A       100%        4
 Manifold Assault         Tloc           0%         N/A       100%        4
 Olgreb's Toxic Radiance  Pois           0%         N/A       100%        4
 Alistair's Intoxication  Tmut/Pois      0%         N/A       100%        5
 Borgnjor's Vile Clutch   Necr/Erth      0%         N/A       100%        5
 Fireball                 Conj/Fire      0%         3d3       100%        5
 Iskenderun's Battlesphe  Conj           0%         2d6       100%        5
 Yara's Violent Unravell  Hex/Tmut       0%         3d3       100%        5
 Conjure Ball Lightning   Conj/Air       0%         3x3d6     100%        6
 Dispersal                Tloc           0%         N/A       100%        6
 Eringya's Noxious Bog    Tmut/Pois      0%         N/A       100%        6
 Iron Shot                Conj/Erth      0%         9d1       100%        6
 Starburst                Conj/Fire      0%         6d3       100%        6
 Enfeeble                 Hex            0%         N/A       100%        7
 Orb of Destruction       Conj           0%         9d5       100%        7
 Storm Form               Tmut/Air       0%         N/A       100%        7
 Simulacrum               Ice/Necr       Unusable   N/A       N/A         6
 Spellforged Servitor     Conj/Summ      Unusable   N/A       N/A         7

Dungeon Overview and Level Annotations

Branches:
Dungeon (15/15)            Temple (1/1) D:4            Lair (5/5) D:8
  Swamp (4/4) Lair:3       Spider (4/4) Lair:3        Slime (0/5) Lair:4
    Orc (2/2) D:10            Elf (0/3) Orc:2        Vaults (3/5) D:13
 Depths (0/4) D:15        Ossuary (visited)         Volcano (visited)
  Crypt: Vaults:2-3

Altars:
Ashenzari
Cheibriados
Dithmenos
Elyvilon
Fedhas
Gozag
Hepliaklqana
Kikubaaqudgha
Makhleb
Nemelex Xobeh
Okawaru
Qazlal
Ru
Sif Muna
Trog
Uskayaw
Vehumet
Wu Jian
Xom
Yredelemnul
Zin
The Shining One
Jiyva

Shops:
D:7 **   D:8 =(([=   D:10 (   Orc:1 *   Orc:2 [(((

Annotations:
D:8 exclusion: hydra


Innate Abilities, Weirdness & Mutations

You have a pair of horns on your head.
You reflexively headbutt those who attack you in melee.


Message History

You see here a lindwurm corpse.
You start resting.
HP restored.
You see here a lindwurm corpse.
You see here a +0 arbalest.
You see here 2 silver boomerangs.
m - 2 silver boomerangs
Things that are here:
a +0 arbalest; a +0 mace; a +3 ring mail You see here a +0 arbalest.
You open the door.
Found a stone staircase leading up.
There is an open door here.
You see here a +0 arbalest.
You open the door.
There is an open door here.
An ironbound frostheart comes into view.
The ironbound frostheart shouts!
An ironbound convoker comes into view. It is wielding a +0 dire flail.
An ironbound frostheart comes into view.
A necromancer comes into view. It is wielding a +0 dagger.
The ironbound convoker shouts!
The necromancer shouts!
The ironbound frostheart calls freezing cold from the walls.
The frost grips you!!!
You feel a terrible chill!
You are encased in ice.
The necromancer mumbles some strange words.
The necromancer binds the souls of nearby monsters.
The ironbound frostheart calls freezing cold from the walls.
The frost grips you!!
You feel a terrible chill!
You gain the combat prowess of a mighty hero.
The ironbound frostheart calls freezing cold from the walls.
The frost grips you!!
You feel a terrible chill!
You are too injured to fight recklessly!
The ironbound frostheart calls freezing cold from the walls.
The frost grips you!!
You feel a terrible chill!
The ironbound convoker begins to recite a word of recall!
The ironbound frostheart touches you.
* * * LOW HITPOINT WARNING * * *
The ironbound frostheart freezes you!!!
You feel a terrible chill!
You die...

#......#......................
#......#......................
#......#........#########.....
#...<..#......###. #. ###...
#......#..†.###.. #... ###.
#......'..)##...#...#. ##
#......#)..#..#.p..... #
.########...##.p.# #
........)[).#.@#...p... #
............#'#..#...#. ###
..............###..#... ###..
................###..#. ###....
......)...........#######......
...............................
...............................
##########+######....##########
#....#


You could see an ironbound frostheart and an ironbound convoker (soul bound,
chanting recall).

Vanquished Creatures
  the Lernaean hydra (Swamp:4)
  Nikola (Spider:3)
  Arachne (Spider:4)
  Rupert (D:12)
  Asterion (Spider:1)
  A sphinx (Vaults:1)
  A thorn hunter (Swamp:3)
  A tengu reaver (Vaults:2)
  Agnes (D:15)
  Donald (Spider:4)
  3 emperor scorpions
  A fire giant (Vaults:2)
  2 deep elf sorcerers (Vaults:1)
  2 vault wardens
  6 ghost moths
  4 ironbound preservers
  The ghost of ripuliukko the Eclecticist, a journeyman GrEE of Vehumet (D:15)
  4 ghouls (Swamp:3)
  10 very ugly things (Vaults:1)
  An orc warlord (Vaults:2)
  2 ironbound thunderhulks (Vaults:2)
  A broodmother (Spider:4)
  6 eleionomae
  Nessos (D:13)
  A minotaur (Lair:3)
  The ghost of alexxx the Convoker, a journeyman FeSu of Gozag (Lair:3)
  4 dire elephants (Vaults:2)
  2 bunyips
  Azrael (Spider:1)
  2 ettins
  7 entropy weavers
  3 great orbs of eyes
  3 yaktaur captains
  Josephine (Spider:1)
  5 radroaches
  A fire dragon (D:9)
  A ghost crab (Swamp:2)
  A catoblepas (D:13)
  An ogre mage (Vaults:1)
  5 centaur warriors
  17 hydras
  4 ironbound frosthearts
  5 boulder beetles
  A merfolk avatar (Lair:5)
  9 two-headed ogres
  A two-headed ogre (shapeshifter) (Vaults:1)
  17 alligators
  A death scarab (Spider:3)
  A tengu warrior (D:13)
  A vampire mage (D:15)
  A hell knight (Vaults:1)
  Urug (D:13)
  8 orc high priests (Orc:2)
  3 skysharks (Lair:5)
  2 spriggans
  The ghost of Quickbrownfox the Destroyer, a novice DsCj of Ashenzari (D:8)
  The ghost of Fildev the Thaumaturge, a novice DEEE of Yredelemnul (D:9)
  4 sun moths
  8 pharaoh ants
  5 goliath frogs
  3 spectral hydras (Swamp:3)
  5 orb spiders
  A glowing orange brain (Vaults:1)
  3 spriggan druids
  2 death drakes (Swamp:3)
  2 sea snakes (Lair:5)
  2 skeletal warriors (D:15)
  22 bog bodies
  11 deep trolls
  12 swamp dragons
  6 steelbarb worms
  23 slime creatures
  4 orc knights
  A phantasmal warrior (Vaults:2)
  2 lindwurms (Vaults:2)
  Pikel (D:7)
  4 wizards (Vaults:1)
  5 ironbound convokers
  8 harpies
  2 necromancers
  A deep elf pyromancer (D:14)
  5 goliath frog zombies (Swamp:3)
  An orc sorcerer (Orc:1)
  30 wolf spiders
  A manticore (Lair:5)
  A salamander (Volcano)
  A fire giant zombie (D:15)
  23 ugly things
  4 moths of wrath
  5 cyclopes
  8 elephants
  A frost giant zombie (D:15)
  2 will-o-the-wisps
  4 black mambas
  7 gargoyles
  8 molten gargoyles
  5 demonic crawlers
  5 torpor snails
  8 cane toads
  7 vault sentinels (Vaults:1)
  A freezing wraith (Swamp:3)
  25 yaktaurs
  2 swamp worm zombies (Swamp:3)
  A tengu conjurer (D:13)
  2 unseen horrors
  2 efreet
  2 kobold demonologists
  3 rime drakes
  6 komodo dragons
  2 queen bees
  9 trolls
  A wind drake (Lair:5)
  4 tyrant leeches
  7 hornets
  6 meliai
  12 blink frogs
  2 polar bears (Lair:5)
  23 tarantellas
  3 alligator zombies (Swamp:3)
  A tarantella (shapeshifter) (D:10)
  4 dream sheep (Lair:5)
  3 spectral swamp dragons (Swamp:3)
  3 spriggan zombies
  30 jumping spiders
  An ettin skeleton (D:15)
  24 culicivoras
  7 wraiths
  A shadow (D:11)
  3 tyrant leech zombies (Swamp:3)
  3 vampires
  16 humans
  7 wyverns
  A fire elemental (Spider:1)
  22 vampire mosquitoes
  6 basilisks
  41 yaks
  57 redbacks
  5 steam dragons
  A redback simulacrum (D:14)
  Menkaure (D:7)
  7 wargs
  A large abomination (Swamp:3)
  11 swamp worms
  2 acid dragons
  5 hell hounds
  9 water moccasins
  2 sky beasts
  17 orc warriors
  9 swamp drakes
  3 black bears
  5 boggarts (Vaults:1)
  2 ogres (Orc:1)
  9 wolves
  2 phantoms (D:6)
  15 centaurs
  3 kobold brigands
  3 lemures (D:7)
  Blork the orc (D:6)
  An elf zombie (Ossuary)
  A necrophage (Swamp:3)
  5 bullfrogs
  3 scorpions
  19 wights
  25 killer bees
  2 troll zombies (Swamp:3)
  8 howler monkeys
  5 electric eels
  32 orc priests
  3 gnoll boudas
  4 jellies
  3 hounds
  4 iguanas
  2 sleepcaps (D:5)
  31 orc wizards
  4 hell rats (Lair:2)
  2 hound zombies (Ossuary)
  4 mummies (Ossuary)
  10 adders
  20 gnolls
  2 white imps (D:6)
  2 ufetubi
  2 adder zombies (Ossuary)
  A worm (D:3)
  2 dart slugs
  100 orcs
  4 bats
  5 endoplasms
  7 giant cockroaches
  6 goblins
  15 hobgoblins
  13 jackals
  2 quokkas
  3 training dummies (Orc:2)
  9 ball pythons
  A frilled lizard (D:1)
  A goblin zombie (Ossuary)
  A hobgoblin zombie (Ossuary)
  2 jackal zombies (Ossuary)
  15 kobolds
  3 kobold zombies (Ossuary)
  6 rats
  3 spectral weapons (Spider:1)
1279 creatures vanquished.

Vanquished Creatures (others)
  A ghost moth (Spider:3)
  A wizard (Volcano)
  Maurice (D:12)
  2 bloated husks (Swamp:2)
  5 foxfires
10 creatures vanquished.

Grand Total: 1289 creatures vanquished

Notes
Turn   | Place    | Note
-------+----------+-------------------------------------------
     0 | D:1      | lexdn the Minotaur Fighter began the quest for the Orb.
     0 | D:1      | Reached XP level 1. HP: 19/19 MP: 0/0
   151 | D:1      | Reached XP level 2. HP: 25/27 MP: 1/1
   308 | D:1      | Reached skill level 3 in Axes
   609 | D:2      | Reached XP level 3. HP: 33/33 MP: 2/2
   874 | D:2      | Reached XP level 4. HP: 36/40 MP: 3/3
  1463 | D:3      | Reached skill level 4 in Axes
  1825 | D:3      | Reached XP level 5. HP: 45/47 MP: 4/4
  1933 | D:4      | Noticed a water moccasin
  2063 | D:3      | Killed a water moccasin
  2064 | D:3      | Reached skill level 5 in Axes
  2064 | D:3      | Reached XP level 6. HP: 28/55 MP: 5/5
  2185 | D:4      | Reached skill level 5 in Fighting
  2185 | D:4      | Reached skill level 5 in Shields
  2199 | D:4      | Reached skill level 5 in Armour
  2311 | D:4      | Found a white marble altar of Elyvilon.
  2363 | D:4      | Reached skill level 6 in Axes
  2436 | D:4      | Reached XP level 7. HP: 34/61 MP: 6/6
  2647 | D:4      | Found a staircase to the Ecumenical Temple.
  2661 | Temple   | Entered the Ecumenical Temple
  2686 | Temple   | Became a worshipper of Warmaster Okawaru
  2959 | D:5      | Entered Level 5 of the Dungeon
  3073 | D:5      | Found a blossoming altar of Fedhas.
  3131 | D:5      | Reached skill level 7 in Axes
  3189 | D:5      | Reached skill level 1 in Invocations
  3209 | D:5      | Reached XP level 8. HP: 33/70 MP: 8/8
  3386 | D:5      | Reached * piety under Okawaru
  4058 | D:6      | Reached skill level 8 in Axes
  4361 | D:6      | Noticed Blork the orc
  4369 | D:6      | Killed Blork the orc
  4666 | D:6      | Reached XP level 9. HP: 79/79 MP: 10/10
  4681 | D:5      | Reached skill level 9 in Axes
  5305 | D:6      | Reached ** piety under Okawaru
  5362 | D:7      | Noticed Menkaure
  5368 | D:7      | Killed Menkaure
  5370 | D:7      | Found Jiseebext's Gadget Gallery.
  5618 | D:7      | Found a bloodstained altar of Trog.
  5741 | D:7      | Reached skill level 10 in Axes
  5927 | D:7      | Noticed Pikel
  5938 | D:7      | Killed Pikel
  6256 | D:7      | Reached XP level 10. HP: 88/88 MP: 9/12
  6356 | D:7      | Found Xubaxial's General Store.
  6426 | D:7      | Found a shimmering blue altar of Sif Muna.
  6459 | D:8      | Found Bete's Antique Weapon Shop.
  6514 | D:8      | Found a broken altar of Ashenzari.
  6534 | D:8      | Noticed a two-headed ogre
  6549 | D:8      | Killed a two-headed ogre
  6550 | D:8      | Reached skill level 11 in Axes
  6550 | D:8      | Reached skill level 5 in Invocations
  6618 | D:8      | Found Cyikoaco's Jewellery Boutique.
  6654 | D:8      | Reached *** piety under Okawaru
  6742 | D:8      | Bought an amulet of reflection for 360 gold pieces
  6797 | D:8      | Found a runed translucent gate.
  6797 | D:8      | Found a runed translucent gate.
  6797 | D:8      | Found a runed translucent gate.
  6797 | D:8      | Noticed Quickbrownfox's ghost (novice DsCj)
  6798 | D:8      | Noticed a nine-headed hydra
  6844 | D:8      | Found Qybam's Antique Armour Boutique.
  6911 | D:8      | Found a sand-covered staircase.
  6915 | Ossuary  | Entered an ossuary
  7141 | Ossuary  | Identified 2 scrolls of acquirement
  7141 | Ossuary  | Acquired a +2 broad axe of electrocution
  7163 | D:8      | Identified the +1 robe of the Artisans {rC+ Regen+ Str-2}
  7225 | D:8      | Found a staircase to the Lair.
  7420 | D:8      | Found Fulovual's Jewellery Shop.
  7538 | D:8      | Found Joban's Weapon Boutique.
  7879 | D:8      | Killed Quickbrownfox's ghost
  7880 | D:8      | Reached skill level 12 in Axes
  7887 | D:8      | Killed a nine-headed hydra
  8142 | D:9      | Noticed a two-headed ogre
  8151 | D:9      | Killed a two-headed ogre
  8152 | D:9      | Reached XP level 11. HP: 97/97 MP: 10/13
  8469 | D:9      | Found a runed translucent gate.
  8469 | D:9      | Found a runed translucent gate.
  8473 | D:9      | Found a runed translucent gate.
  8473 | D:9      | Noticed Fildev's ghost (novice DEEE)
  8476 | D:9      | Found a viscous altar of Jiyva.
  8491 | D:9      | Reached skill level 13 in Axes
  8494 | D:9      | Killed Fildev's ghost
  8495 | D:9      | Reached skill level 10 in Fighting
  8495 | D:9      | Reached skill level 10 in Armour
  8797 | D:9      | Noticed a fire dragon
  8827 | D:9      | Killed a fire dragon
  8827 | D:9      | Reached **** piety under Okawaru
  8828 | D:9      | Reached skill level 10 in Shields
  9059 | D:9      | Acquired a +2 pair of gloves of strength
  9479 | D:10     | Entered Level 10 of the Dungeon
  9479 | D:10     | Found a staircase to the Orcish Mines.
  9720 | D:10     | Found Doekh's Antique Weapon Shoppe.
  9778 | D:10     | Reached skill level 1 in Throwing
  9865 | D:10     | Noticed a centaur warrior
  9874 | D:10     | Reached skill level 14 in Axes
  9878 | D:10     | Killed a centaur warrior
  9972 | D:10     | Reached XP level 12. HP: 108/108 MP: 12/14
 10024 | D:10     | Found a radiant altar of Vehumet.
 10084 | D:10     | Found a sparkling altar of Nemelex Xobeh.
 11093 | D:11     | Noticed a two-headed ogre
 11101 | D:11     | Killed a two-headed ogre
 11248 | D:11     | Noticed a boulder beetle
 11274 | D:11     | Killed a boulder beetle
 11274 | D:11     | Received a gift from Okawaru
 11447 | D:11     | Noticed a two-headed ogre
 11451 | D:11     | Killed a two-headed ogre
 11452 | D:11     | Reached skill level 15 in Axes
 11762 | Lair:1   | Entered Level 1 of the Lair of Beasts
 12081 | Lair:1   | Reached ***** piety under Okawaru
 12509 | Lair:1   | Found a snail-covered altar of Cheibriados.
 13032 | Lair:2   | Received a gift from Okawaru
 13249 | Lair:2   | Found a burning altar of Makhleb.
 13252 | Lair:2   | Reached XP level 13. HP: 104/117 MP: 15/15
 13588 | Lair:2   | Found a dark tunnel.
 13602 | Volcano  | Entered a volcano
 13618 | Volcano  | Reached skill level 5 in Throwing
 13637 | Volcano  | Reached skill level 16 in Axes
 13872 | Volcano  | Noticed an orb of fire
 13912 | Volcano  | Noticed an orb of fire
 14327 | Lair:3   | Found a staircase to the Swamp.
 14459 | Lair:3   | Found a runed translucent gate.
 14461 | Lair:3   | Found a runed translucent gate.
 14463 | Lair:3   | Found a runed translucent gate.
 14485 | Lair:3   | Noticed alexxx's ghost (journeyman FeSu)
 14485 | Lair:3   | Noticed a minotaur
 14495 | Lair:3   | Killed a minotaur
 14496 | Lair:3   | Noticed a sphinx
 14544 | Lair:3   | Killed alexxx's ghost
 14927 | Lair:3   | Reached skill level 17 in Axes
 15342 | Lair:3   | Found a hole to the Spider Nest.
 15742 | Lair:4   | Found a staircase to the Slime Pits.
 15743 | Lair:4   | Found a viscous altar of Jiyva.
 15771 | Lair:4   | Received a gift from Okawaru
 16402 | Lair:5   | Entered Level 5 of the Lair of Beasts
 16539 | Lair:5   | Reached XP level 14. HP: 94/129 MP: 13/16
 16692 | Lair:5   | Reached skill level 18 in Axes
 17431 | Lair:5   | Identified the +10 trident "Kaaczu Ulosk" {flame, rC+++
                  | Str+4 Int-3 Dex-4}
 17438 | Lair:5   | Identified the ring of the Jester {rN+ Will- Str+2 Int+6
                  | Slay+3}
 17987 | D:8      | Bought the ring "Rotuostro" {Wiz Will+ Int+3 Dex-4 Stlth+}
                  | for 519 gold pieces
 18036 | Orc:1    | Entered Level 1 of the Orcish Mines
 18360 | D:8      | Bought the ring "Reger" {rPois Will+ MP+9 Int-3} for 634
                  | gold pieces
 18699 | Orc:1    | Found Fistra's General Store.
 18843 | Orc:2    | Entered Level 2 of the Orcish Mines
 19108 | Orc:2    | Received a gift from Okawaru
 19479 | Orc:2    | Found a staircase to the Elven Halls.
 19504 | Orc:2    | Found Beamasudo's Firing Range.
 19832 | Orc:2    | Found Tuurph's Antique Weapon Boutique.
 19832 | Orc:2    | Found Onny's Armour Shoppe.
 20095 | Orc:2    | Bought a +1 buckler of protection for 214 gold pieces
 20137 | Orc:2    | Found Yloafuv's Antique Armour Boutique.
 20137 | Orc:2    | Found Neuddup's Antique Weapon Shoppe.
 20964 | D:12     | Noticed Maurice
 20979 | D:12     | Killed Maurice
 21284 | D:13     | Noticed Rupert
 21284 | D:13     | Noticed Urug
 21284 | D:13     | Noticed Nessos
 21284 | D:13     | Found a gate to the Vaults.
 21338 | D:12     | Killed Rupert
 21609 | D:13     | Killed Nessos
 21613 | D:13     | Killed Urug
 21614 | D:13     | Reached XP level 15. HP: 126/139 MP: 19/19
 22035 | D:13     | You fall into a shaft and drop 1 floor!
 22696 | D:14     | Reached skill level 15 in Fighting
 22907 | D:14     | Reached skill level 15 in Armour
 22907 | D:14     | Reached skill level 15 in Shields
 23324 | D:15     | Entered Level 15 of the Dungeon
 23443 | D:15     | Found a staircase to the Depths.
 23449 | D:15     | Received a gift from Okawaru
 23701 | D:15     | Found a transporter.
 23701 | D:15     | Found a transporter.
 23781 | D:15     | Noticed ripuliukko's ghost (journeyman GrEE)
 23918 | D:15     | Killed ripuliukko's ghost
 24000 | D:15     | Got the Compilation of Scree
 24079 | D:15     | Noticed Agnes
 24085 | D:15     | Killed Agnes
 24658 | Spider:1 | Entered Level 1 of the Spider Nest
 24659 | Spider:1 | Noticed Azrael
 24666 | Spider:1 | Noticed Josephine
 24675 | Spider:1 | Killed Azrael
 24675 | Spider:1 | Received a gift from Okawaru
 24688 | Spider:1 | Killed Josephine
 24983 | Spider:1 | Reached XP level 16. HP: 102/151 MP: 21/21
 25388 | Spider:1 | Noticed Asterion
 25412 | Spider:1 | Killed Asterion
 25968 | Spider:2 | Received a gift from Okawaru
 26890 | Spider:3 | Received a gift from Okawaru
 27268 | Spider:3 | Reached skill level 19 in Axes
 27760 | Spider:4 | Entered Level 4 of the Spider Nest
 27760 | Spider:4 | Noticed Arachne
 27760 | Spider:4 | Identified the +0 pair of gloves "Forget-Me-Not" {rF- Str+6
                  | Int+9}
 27760 | Spider:4 | Noticed Nikola
 27826 | Spider:3 | Killed Nikola
 28009 | Spider:4 | Reached skill level 10 in Throwing
 28015 | Spider:4 | Killed Arachne
 28080 | Spider:4 | Noticed Donald
 28098 | Spider:4 | Killed Donald
 28940 | Spider:4 | Reached XP level 17. HP: 159/160 MP: 22/22
 28981 | Spider:4 | Received a gift from Okawaru
 29074 | Spider:4 | Received a gift from Okawaru
 29308 | Spider:4 | Got a gossamer rune of Zot
 29613 | Swamp:1  | Entered Level 1 of the Swamp
 30957 | Swamp:2  | Received a gift from Okawaru
 30958 | Swamp:2  | Reached skill level 20 in Axes
 31318 | Swamp:3  | Received a gift from Okawaru
 32971 | Swamp:3  | Reached XP level 18. HP: 167/171 MP: 24/24
 33284 | Swamp:3  | Identified the amulet of Jugakhlu {RegenMP rElec rN+ Will-
                  | Stlth+}
 33578 | Swamp:4  | Entered Level 4 of the Swamp
 33787 | Swamp:4  | Reached skill level 10 in Invocations
 34001 | Swamp:4  | Received a gift from Okawaru
 34371 | Swamp:4  | Noticed the 27-headed Lernaean hydra
 34379 | Swamp:4  | HP: 6/172 [the 27-headed Lernaean hydra (12)]
 34955 | Swamp:4  | Killed the 27-headed Lernaean hydra
 34972 | Swamp:4  | Got a decaying rune of Zot
 35568 | Vaults:1 | Entered Level 1 of the Vaults
 35746 | D:7      | Bought the +10 war axe of Ujey {flame, Will+} for 964 gold
                  | pieces
 36592 | Vaults:1 | Received a gift from Okawaru
 37411 | Vaults:1 | Reached skill level 21 in Axes
 37483 | Vaults:1 | Reached XP level 19. HP: 181/181 MP: 23/26
 37573 | Vaults:1 | Identified the +5 scale mail of Melancholy {+Inv Slay+3}
 37863 | Vaults:2 | Reached skill level 1 in Evocations
 38572 | Vaults:2 | You fall into a shaft and drop 1 floor!
 38580 | Vaults:3 | Received a gift from Okawaru
 38992 | Vaults:2 | Received a gift from Okawaru
 39162 | Vaults:2 | Slain by an ironbound frostheart

Illustrated notes

Levels and vault maps discovered:
D:1:      dpeg_arrival_shrine, layout_basic, chequers_mini_garden
D:2:      layout_loops_ring, grunt_ministairs_3, serial_bayou_pond_d,
          minmay_misc_feat_four_crosses, nicolae_eternal_life
D:3:      layout_rooms, minmay_checkerbox
D:4:      layout_cave_pools, elyvilon_altar_1,
          minmay_temple_entry_drinking_statues, minmay_bent
D:5:      layout_basic, mainiacjoe_overflow_small_starburst, wad_rectangle_vault
D:6:      layout_gridville, dreamdust_wishing_well, uniq_blork_the_orc
D:7:      layout_cave_pods, lightli_temple_of_fire, lemuel_blue_sif_altar,
          serial_shops, shop, nicolae_shop_gadgets, uniq_pikel, uniq_menkaure
D:8:      layout_loops_ring, evilmike_ruin_ashenzari, david_lair_shrubbed,
          enter_ossuary_5, gammafunk_ghost_hydra_chop, serial_shops,
          nicolae_shop_bloodbath_and_beyond, shop, shop, shop, shop,
          supply_closet_lemuel
D:9:      layout_basic, gammafunk_ghost_ooze, grunt_decor_arrowhead,
          minmay_three_doors
D:10:     hangedman_cross_stitches, layout_irregular_city,
          mainiacjoe_overflow_large_starburst, orc_0_dummy, serial_shops,
          nicolae_square_shop, kennysheep_big_empty_room,
          hangedman_decor_lopped, minivault_8
D:11:     layout_basic, minmay_parallelograms, ebering_dispersal_statue_hall
D:12:     layout_stronghold, uniq_maurice
D:13:     layout_basic, david_vaults_3
D:14:     layout_cross, nicolae_integral_box
D:15:     gammafunk_depths_entry_grave, layout_cave_pools, gammafunk_ghost_hive,
          uniq_agnes
Temple:   minmay_freezing_vapour_temple
Lair:1:   layout_loops_ring, kennysheep_snail_temple, lemuel_fruit_fields,
          grunt_megastairs_1, infiniplex_staircase_pool
Lair:2:   layout_loops_ring, enter_volcano_3, lemuel_centaur_altar
Lair:3:   layout_regular_city, skrybe_swamp_entry_bodies,
          hellmonk_spider_entry_life_and_decay, maelrawn_ghost_gauntlet_escape,
          serial_bayou_shore_a
Lair:4:   layout_roguey [special_room_bee], slime_entry_1
Lair:5:   gammafunk_lair_ancient_temple, layout_gridlike, uniq_nessos
Swamp:1:  layout_basic_swamp, nicolae_swamp_fairy_circle
Swamp:2:  layout_basic_swamp, nicolae_swamp_triple_paths
Swamp:3:  cheibrodos_swamp_mausoleum, layout_falls_marsh,
          nicolae_swamp_stair_fork, swamp_pool1
Swamp:4:  grunt_swamp_rune_castle, layout_basic_swamp, hangedman_swamp_pad
Spider:1: layout_spider_delve, drop_trap, beargit_elvish_explorers,
          uniq_asterion, uniq_azrael, uniq_josephine
Spider:2: layout_spider_delve, hangedman_spider_tarantella_strand
Spider:3: layout_spider_delve, nicolae_spider_moth_buddies
Spider:4: grunt_spider_rune_parallel, spiders_nest_the_unseen, uniq_donald,
          uniq_arachne, uniq_nikola
Orc:1:    layout_diamond_mine, serial_shops, nicolae_shop_behind_doors
Orc:2:    st_orc_town, layout_caves, lemuel_statue_altar,
          nicolae_shop_firing_range
Vaults:1: nicolae_vaults_two_Ls, nicolae_vaults_wine_cellar, v_misc_2,
          hangedman_vaults_pinch, ontoclasm_vaults_ring_square, v_misc_28,
          nicolae_vaults_cochlea, dpeg_vaults_waves,
          nicolae_vaults_trapezoid_lopsided_3, nicolae_vaults_closet_pinwheel_2,
          nicolae_vaults_sealed_display, nicolae_vaults_house_1,
          layout_vaults_big_room
Vaults:2: mu_enter_wizlab_6, vaults_room_corners, grunt_vaults_twisty,
          nicolae_vaults_frosty_reception, nicolae_vaults_apartment_2,
          nicolae_vaults_layer_cake_slice, v_misc_29, st_cross, v_misc_5,
          vaults_mumra_minichess, nicolae_vaults_trapezoid_lopsided_1,
          layout_vaults_quadrants
Vaults:3: gammafunk_its_a_trap, nicolae_vaults_ring_of_whatevers,
          nicolae_vaults_house_2, minmay_crypt_entry_simple_round,
          vaults_dpeg_cross, vaults_room_grid, v_misc_19,
          nicolae_vaults_tangram_1, nicolae_vaults_trapezoid_1,
          ontoclasm_vaults_ligature, nicolae_vaults_theta,
          nicolae_vaults_tetromino_Z_2, v_pattern_1, ontoclasm_vaults_spin,
          nicolae_vaults_door_testing_chamber, nicolae_vaults_stepped_doors,
          hangedman_vaults_impose, layout_vaults_omnibox

Skill      XL: |  1  2  3  4  5  6  7  8  9 10 11 12 13 14 15 16 17 18 19 |
---------------+----------------------------------------------------------+-----
Axes           | 3 4 5 6 7 8 10 12 14 15 17 18 19 20 21 | 21.3
Armour         | 4 5 6 7 8 9 10 11 13 14 15 16 17 18 19 | 19.1
Fighting       | 4 5 6 7 8 9 10 11 13 14 15 16 17 18 19 | 19.1
Shields        | 4 5 6 7 8 9 10 11 13 14 15 16 17 18 19 | 19.1
Invocations    | 1 3 4 5 7 8 9 11 12 | 12.0
Throwing       | 2 4 5 7 10 | 10.0
Evocations     | 4 |  4.1

Action                     |  1- 3 |  4- 6 |  7- 9 | 10-12 | 13-15 | 16-18 | 19-21 || total
---------------------------+-------+-------+-------+-------+-------+-------+-------++-------
  Melee: War axe           |    85 |   117 |   193 |       |       |   199 |   186 ||   780
         Headbutt          |    11 |    13 |    49 |   102 |   176 |   333 |    53 ||   737
         Hand axe          |       |       |    60 |    89 |       |       |       ||   149
         Broad axe         |       |       |       |   398 |  1019 |  1148 |       ||  2565
  Throw: Boomerang         |       |       |       |    18 |    24 |   103 |     1 ||   146
 Invoke: Heroism           |       |       |    10 |    38 |    57 |    67 |    10 ||   182
         Finesse           |       |       |       |     1 |     7 |     9 |       ||    17
  Evoke: Wand              |       |       |       |       |       |     2 |       ||     2
    Use: Scroll            |       |    13 |    10 |     6 |    13 |     6 |     1 ||    49
         Potion            |       |     1 |     1 |     3 |     9 |    12 |       ||    26
 Armour: Scale mail        |    21 |       |       |       |       |       |       ||    21
         Chain mail        |    16 |    91 |   109 |       |       |       |       ||   216
         Plate armour      |       |       |    40 |   230 |   425 |   801 |    51 ||  1547
  Dodge: Dodged            |    34 |    87 |    78 |   126 |   201 |   393 |    25 ||   944
  Block: Buckler           |    21 |    48 |    69 |   223 |   557 |    37 |       ||   955
         Reflection        |       |       |       |     6 |    42 |    27 |    10 ||    85
         Kite shield       |       |       |       |       |       |  1127 |   122 ||  1249
